 Dungeon Crawl Stone Soup version 0.31-a0-819-gf6de2f5ab6 (webtiles) character file.

Game seed: 4348172280004818466

120 Kurtz the Chopper (level 5, -4/36 HPs)
             Began as an Octopode Fighter on Sept 24, 2023.
             Was an Initiate of Kikubaaqudgha.
             Slain by Sigmund
             ... wielding a +1 vampiric scythe
              (10 damage)
             ... on level 4 of the Dungeon.
             The game lasted 00:02:12 (1581 turns).

Kurtz the Chopper (Octopode Fighter)                Turns: 1581, Time: 00:02:12

Health: -4/36      AC:  1    Str: 17    XL:     5   Next: 4%
Magic:  5/5        EV: 13    Int: 11    God:    Kikubaaqudgha [......]
Gold:   99         SH:  0    Dex: 11    Spells: 4/4 levels left

rFire   . . .        a - +0 war axe
rCold   . . .        o - orb {*Rage}
rNeg    . . .        (helmet restricted)
rPois   .            (no amulet)
rElec   .            (no ring)
rCorr   .            (no ring)
SInv    .            (no ring)
Will    .....        (no ring)
Stlth   ++           (no ring)
HPRegen 0.26/turn    (no ring)
MPRegen 0.09/turn    (no ring)
                     (no ring)

%: random rage (20%)
@: on berserk cooldown, slowed, very slow
A: almost no armour, amphibious, 8 rings, camouflage 1, gelatinous body 1,
(nimble swimmer 1), tentacles
a: Renounce Religion


You were on level 4 of the Dungeon.
You worshipped Kikubaaqudgha.
Kikubaaqudgha was noncommittal.
You visited 2 branches of the dungeon, and saw 5 of its levels.

You collected 99 gold pieces.

Inventory:

Hand Weapons
 a - a +0 war axe (weapon)
Missiles
 i - a throwing net
Armour
 b - a +0 buckler
 o - an orb of wrath (worn)
Jewellery
 g - an amulet of magic regeneration
 q - a +4 ring of protection
Wands
 n - a wand of flame (15)
Scrolls
 d - a scroll of identify {unknown}
 f - a scroll of poison {unknown}
 h - a scroll of revelation {unknown}
 l - a scroll of teleportation {unknown}
 m - a scroll of enchant weapon {unknown}
 p - a scroll of brand weapon {unknown}
Potions
 c - a potion of might
 e - 2 potions of attraction {unknown}
 j - a potion of ambrosia {unknown}
 k - a potion of lignification {unknown}


   Skills:
 - Level 3.0 Fighting
 * Level 5.0 Axes
 - Level 3.0 Dodging
 - Level 3.0 Shields


You had 4 spell levels left.
You didn't know any spells.
Your spell library contained the following spells:

 Spells                   Type           Power      Damage    Failure   Level
 Slow                     Hex            0%         N/A       34%         1
 Confusing Touch          Hex            0%         N/A       71%         3
 Sigil of Binding         Hex            0%         N/A       71%         3
 Vampiric Draining        Necr           0%         2d6       71%         3


Dungeon Overview and Level Annotations

Branches:
Dungeon (4/15)             Temple (1/1) D:4

Altars:
Ashenzari
Cheibriados
Elyvilon
Fedhas
Kikubaaqudgha
Makhleb
Nemelex Xobeh
Qazlal
Trog
Uskayaw
Vehumet
Wu Jian
Xom
Yredelemnul
Zin

Annotations:
D:4 Sigmund


Innate Abilities, Weirdness & Mutations

You cannot wear most types of armour.
You are amphibious.
You can wear up to eight rings at the same time.
Your skin changes colour to match your surroundings (Stealth+).
Your rubbery body absorbs attacks. (AC +1, EV +1)
((You are camouflaged when in or above water. (Stealth+)))
You have tentacles for arms and can constrict up to eight enemies at once.


Message History

You open the door.
There is an open door here.
A bullfrog comes into view.
A bullfrog is nearby!
Sigmund the Dreaded comes into view.
He is wielding a +1 vampiric scythe.
The helpless bullfrog fails to defend itself.
You hit the bullfrog. You grab the bullfrog.
The bullfrog is moderately wounded.
You constrict the bullfrog.
Sigmund shouts!
The bullfrog closely misses you.
Sigmund gestures wildly while chanting.
Sigmund flickers and vanishes!
Deactivating autopickup; reactivate with Ctrl-A.
The bullfrog hits you.
You hit the bullfrog. Your squeeze misses the bullfrog.
The bullfrog is heavily wounded.
You constrict the bullfrog. The bullfrog closely misses you.
The bullfrog hits you!
A red film seems to cover your vision as you go berserk!
You feel yourself moving faster!
You feel mighty!
You slash the bullfrog!
You kill the bullfrog!
Kikubaaqudgha accepts your kill.
Your Axes skill increases to level 5!
You have reached level 5!
You feel clever.
You see here a bullfrog corpse.
You feel a strong urge to attack something.
Something hits you!
You miss something. Something hits you!
* * * LOW HITPOINT WARNING * * *
You barely miss something. You miss something. Something hits you!
* * * LOW HITPOINT WARNING * * *
You closely miss something.
You are no longer berserk.
You are exhausted.
You feel yourself slow down. Something hits you!
You die...
Kikubaaqudgha rasps: "You have failed me!
Welcome... death!"

################
#.....##{....... .
###'###.†.@.......
.#
#.....####........
.# ###.⌠.⌠.#
#........ .#
##.'..>..+
#........ .#
#..#.⌠.⌠.#
#........ .#
#.##.....#
#........
.###'####+###
#........
>...........#
#........
............#


There were no monsters in sight!

Vanquished Creatures
  A bullfrog (D:4)
  5 orcs (D:4)
  7 ball pythons
  A giant cockroach (D:3)
  5 goblins
  4 hobgoblins
  4 jackals (D:1)
  4 kobolds
  2 quokkas
  8 bats
  3 frilled lizards
  4 rats
48 creatures vanquished.

Notes
Turn   | Place    | Note
-------+----------+-------------------------------------------
     0 | D:1      | Kurtz the Octopode Fighter began the quest for the Orb.
     0 | D:1      | Reached XP level 1. HP: 16/16 MP: 1/1
    74 | D:1      | Reached XP level 2. HP: 16/21 MP: 2/2
   169 | D:1      | Reached skill level 3 in Axes
   657 | D:1      | Reached XP level 3. HP: 26/26 MP: 3/3
   938 | D:2      | Found a faded altar of an unknown god.
  1152 | D:3      | Found a white marble altar of Elyvilon.
  1397 | D:4      | Found a stormy altar of Qazlal.
  1398 | D:4      | Found a hide-covered altar of Uskayaw.
  1400 | D:4      | Reached skill level 4 in Axes
  1407 | D:4      | Reached XP level 4. HP: 21/31 MP: 4/4
  1510 | D:4      | Found a staircase to the Ecumenical Temple.
  1521 | Temple   | Entered the Ecumenical Temple
  1552 | Temple   | Became a worshipper of Kikubaaqudgha
  1568 | D:4      | Noticed a bullfrog
  1570 | D:4      | Noticed Sigmund
  1574 | D:4      | Killed a bullfrog
  1575 | D:4      | Reached skill level 5 in Axes
  1575 | D:4      | Reached XP level 5. HP: 31/36 MP: 5/5
  1581 | D:4      | Slain by Sigmund

Illustrated notes

Levels and vault maps discovered:
D:1:      pf_arrival_petrified_forest, layout_basic
D:2:      layout_rooms, hellmonk_ecumenical_altar_inner_sanctum,
          minmay_tetromino_o4
D:3:      layout_rooms, mainiacjoe_overflow_boulevard
D:4:      layout_basic, nicolae_hepliaklqana_monster_ancestors,
          mainiacjoe_overflow_divided_tiny, minmay_temple_entry_hall, uniq_ijyb,
          uniq_edmund, uniq_blork_the_orc, uniq_sigmund
Temple:   chequers_temple_sunken

Skill      XL: |  1  2  3  4 |
---------------+-------------+-----
Axes           | 3 4 5 |  5.0
Fighting       | |  3.0
Dodging        | |  3.0
Shields        | |  3.0

Action                     |  1- 3 |  4- 6 || total
---------------------------+-------+-------++-------
  Melee: War axe           |    92 |     7 ||    99
         Constrict         |    17 |     1 ||    18
         Tentacles         |    11 |       ||    11
   Stab: Sleeping          |     4 |     1 ||     5
 Armour: Skin              |    51 |     6 ||    57
  Dodge: Dodged            |    58 |     2 ||    60
  Block: Buckler           |    12 |       ||    12

Table legend: (Time is in decaauts)
 A = Elapsed time spent in this place.
 B = Non-inter-level travel time spent in this place.
 C = Inter-level travel time spent in this place.
 D = Time resting spent in this place.
 E = Time spent auto-exploring this place.
 F = Levels seen in this place.
 G = Mean time per level.
                   A        B        C        D        E       F      G
               +--------+--------+--------+--------+--------+-----+--------+
         Total |   1636 |   1545 |     91 |     82 |   1105 |   5 |  327.2 |
       Dungeon |   1594 |   1513 |     81 |     82 |   1105 |   4 |  398.5 |
        Temple |     41 |     31 |     10 |      0 |      0 |   1 |   41.0 |
               +--------+--------+--------+--------+--------+-----+--------+

Top non-repeatable levels by time:
     D:1: 683 daAuts
     D:2: 478 daAuts
     D:3: 248 daAuts
     D:4: 184 daAuts
  Temple: 41 daAuts
